 Dungeon Crawl Stone Soup version 0.27-a0-828-g8289197e94 (webtiles) character file.

Game seed: 8291045280629318517

6038 funkygono the Thaumaturge (level 10, -4/63 HPs)
             Began as a Djinni Fire Elementalist on Mar 30, 2021.
             Was a Believer of Cheibriados.
             Killed from afar by a gnoll sergeant (12 damage)
             ... with a bolt of acid
             ... on level 10 of the Dungeon.
             The game lasted 00:28:41 (9371 turns).

funkygono the Thaumaturge (DjFE)                    Turns: 9371, Time: 00:28:42

Health: -4/63      AC: 13    Str: 20    XL:     10   Next: 86%
Gold:   162        EV: 14    Int: 30    God:    Cheibriados [**....] SH:  0 Dex: 18

rFire    + + .     SeeInvis .   E - +4 scimitar (flame)
rCold    x x .     Faith    .   (no shield)
rNeg     . . .     Spirit   .   C - +0 acid dragon scales
rPois    ∞         Reflect  .   (no helmet)
rElec    +         Harm     .   t - +2 cloak of Golden Joy {rElec rC- rCorr}
rCorr    +         Rampage  .   l - +2 pair of gloves
Will     ++...                  (boots unavailable)
Stlth    +++.......             c - amulet "Vickor" {Regen+ Str+8 Int+4 Stlth+}
HPRegen  1.20/turn              h - ring of willpower
MPRegen  0.00/turn              (no ring)

@: flying, very slow
A: fire resistance 2, cold vulnerability 1, float, innate caster, hp casting,
extra vitality 1
a: Renounce Religion, Bend Time


You were on level 10 of the Dungeon.
You worshipped Cheibriados.
Cheibriados was pleased with you.
You visited 2 branches of the dungeon, and saw 11 of its levels.
You also visited: Sewer.

You collected 617 gold pieces.
You spent 455 gold pieces at shops.

Inventory:

Hand Weapons
 d - a +0 dagger of flaming
 u - a +2 dagger of venom
 x - a +3 rapier of draining
 y - the +4 falchion of the Extremes {vorpal, rElec rPois Str-4}
   (You bought it in a shop on level 7 of the Dungeon)

   It inflicts extra damage upon your enemies.
   It affects your strength (-4).
   It insulates you from electricity.
   It protects you from poison.
 E - a +4 scimitar of flaming (weapon)
Armour
 a - a +2 robe
 l - a +2 pair of gloves (worn)
 t - the +2 cloak of Golden Joy (worn) {rElec rC- rCorr}
   (You bought it in a shop on level 7 of the Dungeon)

   It makes you vulnerable to cold.
   It insulates you from electricity.
   It protects you from acid and corrosion.
 C - +0 acid dragon scales (worn)
 G - a +0 buckler
Magical Staves
 f - a staff of poison
 D - a staff of earth
Jewellery
 c - the amulet "Vickor" (around neck) {Regen+ Str+8 Int+4 Stlth+}
   (You acquired it on level 2 of the Dungeon)

   [amulet of regeneration]

   It affects your strength (+8).
   It affects your intelligence (+4).
   It increases your rate of health regeneration.
   It makes you more stealthy.
 h - a ring of willpower (left hand)
Wands
 w - a wand of flame (26)
 B - a wand of digging (3)
 H - a wand of iceblast (13)
Scrolls
 e - a scroll of holy word
 i - 2 scrolls of vulnerability
 m - 7 scrolls of teleportation
 n - 2 scrolls of magic mapping
 v - a scroll of blinking
 I - a scroll of enchant weapon
Potions
 b - a potion of mutation
 g - 3 potions of haste
 j - 4 potions of attraction
 k - 3 potions of brilliance
 o - 3 potions of resistance
 p - a potion of lignification
 q - a potion of degeneration {unknown}
 r - 3 potions of invisibility
 s - 2 potions of ambrosia
 z - a potion of curing
 A - a potion of heal wounds {unknown}
 F - a potion of berserk rage {unknown}


   Skills:
 + Level 1.5 Fighting
 + Level 0.1 Long Blades
 + Level 5.0 Armour
 + Level 5.5 Dodging
 - Level 1.5 Stealth
 * Level 11.9 Spellcasting
 + Level 1.7 Invocations


You had 8 spell levels left.
You knew the following spells:

 Your Spells              Type           Power      Damage    Failure   Level
a - Foxfire               Conj/Fire      100%       2x1d9     1%          1
b - Conjure Flame         Conj/Fire      74%        6-21      1%          3
c - Inner Flame           Hex/Fire       74%        N/A       1%          3
d - Sticky Flame          Conj/Fire      74%        2d9       1%          4
e - Fireball              Conj/Fire      37%        3d15      1%          5
f - Animate Skeleton      Necr           100%       N/A       1%          1
g - Swiftness             Air            74%        N/A       1%          2
h - Slow                  Hex            74%        N/A       1%          2
i - Static Discharge      Conj/Air       74%        N/A       1%          3
Your spell library was empty.

Dungeon Overview and Level Annotations

Branches:
Dungeon (10/15)            Temple (1/1) D:6           Sewer (visited)
   Lair: D:8-11         Orc: D:9-12

Altars:
Cheibriados
Dithmenos
Elyvilon
Fedhas
Gozag
Hepliaklqana
Kikubaaqudgha
Nemelex Xobeh
Okawaru
Ru
Sif Muna
Trog
Uskayaw
Vehumet
Wu Jian
Yredelemnul
Zin
The Shining One

Shops:
D:4 (   D:7 ***   D:9 [*?:


Innate Abilities, Weirdness & Mutations

You are immune to poison.
Your flesh is very heat resistant. (rF++)
You are vulnerable to cold. (rC-)
You float through the air rather than walking.
You learn spells naturally, not from books.
Your magical power is your life essence.
You have superior vitality. (+4 HP)


Message History

* * * LOW HITPOINT WARNING * * *
The gnoll sergeant zaps a wand.
The bolt of acid misses you.
The foxfire hits the gnoll sergeant.
The gnoll sergeant is severely wounded.
The gnoll sergeant closely misses you.
Casting: Foxfire (safe; 1% risk of failure)
Confirm with . or Enter, or press ? or * to list all spells.
You conjure some foxfire!
* * * LOW HITPOINT WARNING * * *
The gnoll sergeant closely misses you.
Your foxfire dissipates!
The foxfire hits the gnoll sergeant but does no damage.
The gnoll sergeant is severely wounded.
The gnoll sergeant zaps a wand.
The bolt of acid misses you.
You see here a potion of magic.
The gnoll sergeant zaps a wand.
The bolt of acid hits you. You resist.
* * * LOW HITPOINT WARNING * * *
You are splashed with acid.
You resist.
* * * LOW HITPOINT WARNING * * *
There is an escape hatch in the ceiling here.
The gnoll sergeant zaps a wand.
The bolt of acid hits you. You resist.
* * * LOW HITPOINT WARNING * * *
You are splashed with acid!
You resist.
* * * LOW HITPOINT WARNING * * *
You feel better.
Casting: Foxfire (safe; 1% risk of failure)
Confirm with . or Enter, or press ? or * to list all spells.
Okay, then.
The gnoll sergeant zaps a wand.
The bolt of acid misses you. The gnoll hits you but does no damage.
The gnoll sergeant hits you with a +1 vorpal spear!
* * * LOW HITPOINT WARNING * * *
x2
There is an escape hatch in the ceiling here.
Casting: Foxfire (safe; 1% risk of failure)
Confirm with . or Enter, or press ? or * to list all spells.
You don't have enough health to cast this spell.
Unknown command.
You feel better. The gnoll hits you but does no damage.
The gnoll sergeant zaps a wand.
The bolt of acid hits you! You resist.
You die...

#####...# #.##
#...# #..#
#...# ##.#
#...# #.#
#...# #.#
#.... #.#
#.... #.# #.#
#...#@#
#...#g#
#...#g#
#...#.#
######...#.##
.........#..#
.......gg##.##
......)..#...#
.######)##.#.#


You could see a gnoll sergeant and a gnoll.

Vanquished Creatures
  Harold (D:8)
  Erica (D:8)
  Grinder (D:3)
  A wraith (D:10)
  2 wyverns (D:8)
  4 yaks (D:9)
  3 vampire mosquitoes (D:10)
  An acid dragon (D:9)
  Duvessa (D:5)
  A water moccasin (D:8)
  A black bear (D:7)
  An ice beast (D:7)
  A sky beast (D:8)
  A hornet zombie (D:7)
  4 ogres
  A centaur (D:6)
  A phantom (D:5)
  A bullfrog (D:9)
  3 scorpions
  Dowan (D:5)
  2 water moccasin skeletons (D:6)
  3 howler monkeys
  7 wights
  2 centaur zombies
  4 jellies
  4 orc priests
  2 gnoll shamans
  4 iguanas
  2 orc wizards
  A hound zombie (D:5)
  9 gnolls
  9 adders
  4 river rats (D:5)
  A shadow imp (D:5)
  A white imp (D:5)
  An ufetubus (D:4)
  An adder skeleton (D:5)
  3 worms (Sewer)
  3 dart slugs
  20 orcs
  7 endoplasms
  9 giant cockroaches
  8 goblins
  6 hobgoblins
  14 jackals
  6 kobolds
  4 quokkas
  7 ball pythons
  6 bats
  4 frilled lizards
  7 rats
  6 bushes (D:5)
198 creatures vanquished.

Vanquished Creatures (collateral kills)
  Maggie (D:6)
  An orc priest (D:4)
  An adder (D:6)
  A gnoll (D:6)
  3 orcs
  A jackal (D:3)
  A quokka (D:4)
9 creatures vanquished.

Vanquished Creatures (others)
  2 gnolls (D:10)
  820 foxfires
822 creatures vanquished.

Grand Total: 1029 creatures vanquished

Notes
Turn   | Place    | Note
-------+----------+-------------------------------------------
     0 | D:1      | funkygono the Djinni Fire Elementalist began the quest for
                  | the Orb.
     0 | D:1      | Reached XP level 1. HP: 15/15 MP: 0/0
   218 | D:1      | Reached skill level 3 in Spellcasting
   269 | D:1      | Reached XP level 2. HP: 17/21 MP: 0/0
  1425 | D:2      | Reached XP level 3. HP: 22/25 MP: 0/0
  1425 | D:2      | Learned a level 1 spell: Animate Skeleton
  2231 | D:2      | Reached skill level 4 in Spellcasting
  2231 | D:2      | Reached XP level 4. HP: 29/31 MP: 0/0
  2528 | D:2      | Identified a scroll of acquirement
  2528 | D:2      | Acquired the amulet "Vickor" {Regen+ Str+8 Int+4 Stlth+}
  2656 | D:3      | Reached XP level 5. HP: 35/35 MP: 0/0
  2656 | D:3      | Learned a level 2 spell: Swiftness
  3143 | D:3      | Noticed Grinder
  3155 | D:3      | Paralysed by Grinder for 7 turns
  3173 | D:3      | Paralysed by Grinder for 4 turns
  3174 | D:3      | Killed Grinder
  3175 | D:3      | Reached skill level 5 in Spellcasting
  3175 | D:3      | Reached XP level 6. HP: 18/40 MP: 0/0
  3265 | D:4      | Reached skill level 6 in Spellcasting
  3270 | D:4      | Reached XP level 7. HP: 41/45 MP: 0/0
  3270 | D:4      | Learned a level 2 spell: Slow
  3427 | D:4      | Reached skill level 7 in Spellcasting
  3584 | D:4      | Found Ygiaprol's Antique Weapon Boutique.
  3959 | D:5      | Entered Level 5 of the Dungeon
  4189 | D:5      | Found a sacrificial altar of Ru.
  4312 | D:5      | Reached XP level 8. HP: 51/51 MP: 0/0
  4338 | D:5      | Found a glowing drain.
  4347 | Sewer    | Entered a sewer
  5114 | D:5      | Noticed Duvessa
  5119 | D:5      | Noticed Dowan
  5123 | D:5      | Killed Duvessa
  5126 | D:5      | Killed Dowan
  5127 | D:5      | Reached skill level 8 in Spellcasting
  5778 | D:6      | Found a staircase to the Ecumenical Temple.
  5787 | Temple   | Entered the Ecumenical Temple
  5886 | Temple   | Became a worshipper of Cheibriados the Contemplative
  5948 | D:6      | Reached skill level 9 in Spellcasting
  5951 | D:6      | Noticed Maggie
  5958 | D:6      | Killed Maggie
  5959 | D:6      | Reached skill level 1 in Fighting
  5959 | D:6      | Reached XP level 9. HP: 57/57 MP: 0/0
  5959 | D:6      | Learned a level 3 spell: Static Discharge
  6015 | D:6      | Found a basalt altar of Yredelemnul.
  6426 | D:7      | Found Ite Kyoke's Assorted Antiques.
  6457 | D:7      | Reached * piety under Cheibriados
  6499 | D:7      | Reached skill level 10 in Spellcasting
  6533 | D:7      | Found Imnues's Assorted Antiques.
  6542 | D:7      | Found Fosuynig's Assorted Antiques.
  6624 | D:7      | Reached skill level 1 in Armour
  6926 | D:7      | Found a glowing golden altar of the Shining One.
  6930 | D:7      | Found a blossoming altar of Fedhas.
  6930 | D:7      | Found an iron altar of Okawaru.
  6931 | D:7      | Found an opulent altar of Gozag.
  7440 | D:8      | Noticed Harold
  7473 | D:8      | Killed Harold
  7474 | D:8      | Reached skill level 5 in Dodging
  7474 | D:8      | Reached skill level 1 in Invocations
  7568 | D:8      | Reached XP level 10. HP: 62/62 MP: 0/0
  7592 | D:8      | Noticed Erica
  7608 | D:8      | Killed Erica
  7609 | D:8      | Reached skill level 11 in Spellcasting
  8209 | D:9      | Found Hijig's Book Emporium.
  8420 | D:9      | Found Vetegaiw's Magic Scroll Boutique.
  8633 | D:9      | Found a shadowy altar of Dithmenos.
  8679 | D:9      | Found Fub Roif's Antique Armour Boutique.
  8687 | D:9      | Reached ** piety under Cheibriados
  8796 | D:9      | Found Awemitokk's General Store.
  9053 | D:7      | Bought a faintly humming cloak for 247 gold pieces
  9053 | D:7      | Identified the +2 cloak of Golden Joy {rElec rC- rCorr}
                  | (You bought it in a shop on level 7 of the Dungeon)
  9058 | D:7      | Bought a brightly glowing falchion for 208 gold pieces
  9058 | D:7      | Identified the +4 falchion of the Extremes {vorpal, rElec
                  | rPois Str-4} (You bought it in a shop on level 7 of the
                  | Dungeon)
  9103 | D:10     | Entered Level 10 of the Dungeon
  9259 | D:10     | Reached skill level 5 in Armour
  9368 | D:10     | HP: 1/63 [acid (8)]
  9371 | D:10     | Killed from afar by a gnoll sergeant

Illustrated notes

Levels and vault maps discovered:
D:1:      eino_arrival_water_star, layout_loops_ring, grunt_decor_resistance,
          corexii_corridor_pit, minivault_4, kennysheep_crisscross
D:2:      layout_loops_corners, serial_glass, glass_columns_c, glass_columns_b,
          glass_columns_b, glass_columns_a, glass_columns_c, glass_columns_a,
          glass_columns_a, glass_columns_b, due_unseen_surprise,
          item_on_display_a, minmay_fountain_box
D:3:      layout_loops_cross, uniq_grinder
D:4:      layout_basic, serial_shops, shop, minmay_misc_feat_columns,
          kennysheep_generic_room_5
D:5:      layout_basic, gup_sewer_entry_bubbles, chequers_serial_rivers_small_b,
          minmay_hedge_maze, nicolae_ru_the_path_less_chosen, uniq_duvessa
D:6:      layout_loops_cross, temple_statues, basic_altar, uniq_maggie
D:7:      wander_river, layout_loops_cross, minitemple, serial_shops, shop,
          shop, nicolae_shop_behind_doors
D:8:      layout_loops_ring, uniq_harold, uniq_erica
D:9:      layout_stronghold, overflow_temple_1_default, serial_shops, shop,
          kennysheep_little_box, shop, shop
D:10:     kennysheep_blocky_hall, layout_basic, david_orc_3,
          ebering_ghost_rock_garden
Temple:   regret_index_temple_sphere_string

Skill      XL: |  1  2  3  4  5  6  7  8  9 10 |
---------------+-------------------------------+-----
Spellcasting   | 3 4 5 6 7 9 10 11 | 11.9
Dodging        | 3 4 5 |  5.5
Fighting       | 1 |  1.5
Armour         | 3 5 |  5.0
Invocations    | 1 |  1.7
Long Blades    | |  0.1
Stealth        | |  1.5

Action                   |  1- 3 |  4- 6 |  7- 9 | 10-12 || total
-------------------------+-------+-------+-------+-------++-------
Melee: Dagger            |       |       |    13 |       ||    13
       Long sword        |       |       |     1 |     1 ||     2
       Scimitar          |       |       |       |     1 ||     1
 Cast: Foxfire           |    58 |    70 |   263 |    99 ||   490
       Animate Skeleton  |     6 |    14 |    32 |     4 ||    56
       Sticky Flame      |       |       |    12 |    13 ||    25
       Fireball          |       |       |     1 |       ||     1
       Inner Flame       |       |       |       |     2 ||     2
Invok: Bend Time         |       |       |     4 |       ||     4
  Use: Scroll            |     3 |     7 |    15 |     3 ||    28
       Potion            |       |       |       |     2 ||     2
Armor: Robe              |     1 |     3 |     9 |       ||    13
       Acid dragon scale |       |       |    12 |    25 ||    37
Dodge: Dodged            |    11 |    23 |    60 |    37 ||   131
       Rpst.: Long sword |       |       |     8 |     1 ||     9
       Scimitar          |       |       |       |     6 ||     6

Table legend: (Time is in decaauts)
 A = Elapsed time spent in this place.
 B = Non-inter-level travel time spent in this place.
 C = Inter-level travel time spent in this place.
 D = Time resting spent in this place.
 E = Time spent auto-exploring this place.
 F = Levels seen in this place.
 G = Mean time per level.
                   A        B        C        D        E       F      G
               +--------+--------+--------+--------+--------+-----+--------+
         Total |  10510 |   9886 |    624 |     23 |   8158 |  12 |  875.8 |
       Dungeon |   9965 |   9358 |    607 |     23 |   7740 |  10 |  996.5 |
        Temple |    116 |     99 |     17 |      0 |     94 |   1 |  116.0 |
         Sewer |    428 |    428 |      0 |      0 |    324 |   1 |  428.0 |
               +--------+--------+--------+--------+--------+-----+--------+

Top non-repeatable levels by time:
     D:2: 1317 daAuts
     D:1: 1289 daAuts
     D:9: 1281 daAuts
     D:5: 1193 daAuts
     D:8: 1044 daAuts
     D:7: 1016 daAuts
     D:6: 952 daAuts
     D:4: 788 daAuts
     D:3: 714 daAuts
   Sewer: 428 daAuts
    D:10: 367 daAuts
  Temple: 116 daAuts
